 Dungeon Crawl Stone Soup version 0.27.1-33-g824d729ab1 (webtiles) character file.

Game seed: 2912881791915208140

39 zeram the Skirmisher (level 3, 0/33 HPs)
             Began as a Hill Orc Fighter on Dec 12, 2021.
             Slain by a hobgoblin (3 damage)
             ... on level 2 of the Dungeon.
             The game lasted 00:02:24 (1055 turns).

zeram the Skirmisher (Hill Orc Fighter)             Turns: 1055, Time: 00:02:25

Health: 0/33       AC:  6    Str: 18    XL:     3   Next: 45%
Magic:  3/3        EV:  9    Int:  9    God:
Gold:   69         SH:  0    Dex: 10    Spells: 2/2 levels left

rFire    . . .     SeeInvis .   l - +0 halberd
rCold    . . .     Faith    .   (shield currently unavailable)
rNeg     . . .     Spirit   .   b - +0 scale mail
rPois    .         Reflect  .   (no helmet)
rElec    .         Harm     .   (no cloak)
rCorr    .         Rampage  .   (no gloves)
Will     .....                  (no boots)
Stlth    ..........             (no amulet)
HPRegen  0.11/turn              (no ring)
MPRegen  0.08/turn              (no ring)

@: mighty
A: no striking features
a: no special abilities


You were on level 2 of the Dungeon.
You visited 1 branch of the dungeon, and saw 2 of its levels.

You collected 69 gold pieces.

Inventory:

Hand Weapons
 a - a +0 war axe
 l - a +0 halberd (weapon)
Armour
 b - a +0 scale mail (worn)
Jewellery
 e - a ring of wizardry
Scrolls
 i - a scroll of enchant armour {unknown}
 j - a scroll of summoning {unknown}
Potions
 f - a potion of ambrosia {unknown}
 g - a potion of lignification {unknown}
 h - a potion of haste {unknown}
 k - a potion of mutation {unknown}


   Skills:
 - Level 4.0 Fighting
 - Level 2.7 Axes
 - Level 3.6 Armour
 - Level 3.7 Shields
 * Level 1.6 Summonings


You had 2 spell levels left.
You didn't know any spells.
Your spell library contained the following spells:

 Spells                   Type           Power      Damage    Failure   Level
 Freeze                   Ice            0%         1d3       77%         1
 Ensorcelled Hibernation  Hex/Ice        0%         N/A       88%         2
 Frozen Ramparts          Ice            0%         1d2       98%         3
 Spider Form              Tmut/Pois      0%         N/A       98%         3
 Hailstorm                Conj/Ice       0%         3d3       100%        4
 Shadow Creatures         Summ           N/A        N/A       100%        6


Dungeon Overview and Level Annotations

Branches:
Dungeon (2/15)

Altars:


Message History

You are too injured to fight recklessly!
There is an open door here.
The ball python bites you but does no damage.
The ball python barely misses you.
The kobold hits you with a +0 whip of electrocution.
* * * LOW HITPOINT WARNING * * *
The ball python bites you but does no damage.
The ball python grabs you. The ball python constricts you.
You escape the ball python's grasp.
The kobold closely misses you.
There is a stone staircase leading up here.
Really walk into that dispersal trap?
You enter a dispersal trap!
The ball python blinks!
The kobold blinks!
The hobgoblin blinks!
You blink.
Found 9 gold pieces.
The kobold hits you but does no damage.
Press: ? - help, v - describe, . - travel
Here: a kobold, wielding a +0 whip of electrocution The floor.
Unknown command.
Unknown command.
You feel very mighty all of a sudden.
The kobold hits you with a +0 whip of electrocution.
* * * LOW HITPOINT WARNING * * *
You puncture the kobold!
You kill the kobold!
Things that are here:
a +0 whip of electrocution; a kobold corpse You slice the ball python!!
You kill the ball python!
Reach: l) +0 halberd
Press: ? - help, Dir - move target, f - hobgoblin
Aim: a hobgoblin (about 53% to evade your +0 halberd)
You reach to attack!
You closely miss the hobgoblin. You barely miss the hobgoblin.
The hobgoblin hits you.
* * * LOW HITPOINT WARNING * * *
The hobgoblin hits you.
* * * LOW HITPOINT WARNING * * *
Unknown command.
You closely miss the hobgoblin. The hobgoblin hits you.
You die...

#.#####............#.#+########
#.#......##.########...........
.#'#.#...[##....................
.....#..##...########...........
........##†.........+.........>.
....###....#####..###...........
....+......<^...)...............
....############g.###.##########
....# #@.....# ..... #.######
.##.. #.# . #.. ... ..$## ....#
.....# ......# #......#


You could see a hobgoblin.

Vanquished Creatures
  A gnoll (D:2)
  3 ball pythons
  2 endoplasms
  2 giant cockroaches
  3 goblins (D:1)
  6 hobgoblins
  3 kobolds
  2 quokkas (D:1)
  A frilled lizard (D:1)
  A rat (D:1)
24 creatures vanquished.

Notes
Turn   | Place    | Note
-------+----------+-------------------------------------------
     0 | D:1      | zeram the Hill Orc Fighter began the quest for the Orb.
     0 | D:1      | Reached XP level 1. HP: 19/19 MP: 1/1
   253 | D:1      | Reached XP level 2. HP: 27/27 MP: 2/2
   343 | D:1      | Reached skill level 4 in Fighting
   861 | D:2      | Reached skill level 1 in Summonings
   861 | D:2      | Reached XP level 3. HP: 26/33 MP: 3/3
  1055 | D:2      | Slain by a hobgoblin

Illustrated notes

Levels and vault maps discovered:
D:1:      psy_arrival_fountain, layout_basic, kennysheep_boxes
D:2:      layout_basic, basic_altar, minmay_tetromino_o2

Skill      XL: |  1  2 |
---------------+-------+-----
Fighting       | 4 |  4.0
Summonings     | 1 |  1.6
Axes           | |  2.7
Armour         | |  3.6
Shields        | |  3.7

Action                   || total
-------------------------++-------
Melee: War axe           ||    51
       Halberd           ||     7
  Use: Potion            ||     1
Armor: Scale mail        ||    28
Dodge: Dodged            ||    20
Block: Kite shield       ||    15
